 Dungeon Crawl Stone Soup version 0.30-a0-6-g7c9e10e132 (webtiles) character file.

Game seed: 18160144342261789681

2563 siradein the Fighter (level 9, 0/48 (52) HPs)
             Began as a Vine Stalker Cinder Acolyte on Aug 23, 2022.
             Was an Elder of Ignis.
             Slain by a wight
             ... wielding a +4 battleaxe of freezing
              (6 damage)
             ... on level 6 of the Dungeon.
             The game lasted 00:12:21 (5767 turns).

siradein the Fighter (Vine Stalker Cinder Acolyte)  Turns: 5767, Time: 00:12:21

HP:   0/48 (52)     AC:  3    Str: 21    XL:     9   Next: 57%
MP:   0/20          EV:  6    Int: 14    God:    Ignis [****..]
Gold: 240           SH:  0    Dex: 10    Spells: 10/10 levels left

rFire   + + .      SeeInvis .    o - +0 flail
rCold   . . .      Faith    .    (no shield)
rNeg    . . .      Spirit   +    h - +0 plate armour
rPois   .          Reflect  .    (no helmet)
rElec   .          Harm     .    (no cloak)
rCorr   .          Rampage  .    u - +0 pair of gloves
Will    +....                    J - +2 pair of boots
Stlth   ..........               (no amulet)
HPRegen 0.96/turn                t - ring of protection from fire
MPRegen 0.17/turn                I - ring of magical power

@: corroded, drained
A: fangs 3, regeneration 1, magic shield, antimagic bite, no potion heal 2
a: Renounce Religion, Fiery Armour, Foxfire Swarm, Rising Flame


You were on level 6 of the Dungeon.
You worshipped Ignis.
Ignis was greatly pleased with you.
You visited 1 branch of the dungeon, and saw 6 of its levels.

You collected 240 gold pieces.

Inventory:

Hand Weapons
 o - a +0 flail (weapon)
Missiles
 v - a throwing net (quivered)
Armour
 h - a +0 plate armour (worn)
 u - a +0 pair of gloves (worn)
 J - a +2 pair of boots (worn)
Jewellery
 e - a ring of ice
 t - a ring of protection from fire (left hand)
 D - a ring of ice
 I - a ring of magical power (right hand)
Wands
 B - a wand of roots (6)
 G - a wand of paralysis (10)
Scrolls
 b - 3 scrolls of enchant armour {unknown}
 c - 2 scrolls of butterflies {unknown}
 i - 2 scrolls of enchant weapon {unknown}
 j - a scroll of brand weapon {unknown}
 l - a scroll of torment {unknown}
 n - a scroll of poison {unknown}
 q - 2 scrolls of immolation {unknown}
 r - a scroll of amnesia {unknown}
 w - a scroll of silence {unknown}
 y - 3 scrolls of vulnerability {unknown}
 C - a scroll of noise {unknown}
 E - a scroll of teleportation {unknown}
 H - a scroll of magic mapping {unknown}
Potions
 d - 3 potions of heal wounds {unknown}
 f - a potion of curing
 g - a potion of invisibility {unknown}
 k - a potion of magic {unknown}
 m - a potion of lignification {unknown}
 p - a potion of haste {unknown}
 s - 2 potions of brilliance
 x - a potion of flight {unknown}
 z - 2 potions of mutation {unknown}
 A - a potion of might {unknown}
 F - 3 potions of ambrosia {unknown}


   Skills:
 + Level 8.5 Fighting
 + Level 8.5 Maces & Flails
 - Level 1.9 Armour
 - Level 1.1 Spellcasting
 - Level 3.0 Fire Magic


You had 10 spell levels left.
You didn't know any spells.
Your spell library contained the following spells:

 Spells                   Type           Power      Damage    Failure   Level
 Scorch                   Fire           18%        2d5       97%         2
 Foxfire                  Conj/Fire      16%        2x1d4     99%         1
 Apportation              Tloc           0%         N/A       100%        1
 Necrotise                Necr           0%         1d4       100%        1
 Summon Small Mammal      Summ           0%         N/A       100%        1
 Ignite Poison            Fire/Tmut/Pois 3%         N/A       100%        3
 Vampiric Draining        Necr           0%         2d6       100%        3
 Summon Ice Beast         Ice/Summ       0%         N/A       100%        4
 Agony                    Necr           0%         N/A       100%        5


Dungeon Overview and Level Annotations

Branches:
Dungeon (6/15)             Temple (0/1) D:4

Altars:
Dithmenos
Kikubaaqudgha
Trog
The Shining One

Annotations:
D:3 exclusion: moth of wrath
D:5 1 runed translucent door, Crazy Yiuf


Innate Abilities, Weirdness & Mutations

You have razor-sharp teeth.
Your natural rate of healing is unusually fast.
When hurt, damage is shared between your health and your magic reserves.
Your bite disrupts and absorbs the magic of your enemies.
Potions cannot restore your health.


Message History

The wight hits you with a +4 battleaxe of freezing!
You feel drained. The wight freezes you. The orc hits you with a +0 club.
You are too injured to fight recklessly!
You are too injured to fight recklessly!
Unknown command.
The orc attacks as you move away! The orc hits you with a +0 club.
A wight comes into view. It is wielding a +3 spear.
The orc attacks as you move away! The orc hits you with a +0 club.
The orc attacks as you move away! The orc hits you with a +0 club.
The orc hits you with a +0 club. The orc attacks as you move away!
The orc hits you with a +0 club.
There is an open door here.
The wight attacks as you move away!
The wight hits you with a +4 battleaxe of freezing!
* * * LOW HITPOINT WARNING * * *
The wight freezes you.
* * * LOW HITPOINT WARNING * * *
You barely miss the wight.
The wight is heavily damaged.
The wight hits you with a +4 battleaxe of freezing.
* * * LOW HITPOINT WARNING * * *
You feel drained.
* * * LOW HITPOINT WARNING * * *
The wight freezes you.
* * * LOW HITPOINT WARNING * * *
You hit the wight but do no damage.
The wight is heavily damaged.
The wight barely misses you.
Unknown command.
You hit the wight but do no damage. You bite the wight. You drain its power.
You feel invigorated.
The wight is heavily damaged.
The wight barely misses you.
Unknown command.
Unknown command.
Unknown command.
You hit the wight but do no damage. Your bite misses the wight.
The wight is heavily damaged.
The wight hits you with a +4 battleaxe of freezing!
You die...

.#####.#............#
.....#.#.........####
####.#.#.........#
...#.#.#.........#
.....#.#.#######.#
.#####.#.# #.#
.......#.# #.#
.#######.## #.#
..).......# #@#
#####.....# #z#
#.....######o#
#..........#z#
..........<#z#
..##....†...'.# ...
#........### ....
#......).# ###
#....[z..#


You could see 3 wights and an orc.

Vanquished Creatures
  Sigmund (D:4)
  6 yaks (D:6)
  A water moccasin (D:5)
  A sky beast (D:6)
  2 centaurs
  An ice beast (D:5)
  An ogre (D:5)
  A phantom (D:6)
  3 necrophages (D:5)
  2 scorpions
  A wight (D:6)
  A howler monkey (D:6)
  A jelly (D:6)
  4 hounds (D:5)
  2 iguanas (D:5)
  3 orc wizards (D:5)
  Ijyb (D:4)
  7 gnolls
  8 adders
  3 shadow imps
  2 ufetubi
  2 worms
  3 dart slugs
  5 orcs
  7 ball pythons
  3 bats
  3 endoplasms
  5 giant cockroaches
  7 goblins
  2 hobgoblins
  8 jackals
  4 quokkas
  2 frilled lizards
  5 kobolds
  7 rats
115 creatures vanquished.

Notes
Turn   | Place    | Note
-------+----------+-------------------------------------------
     0 | D:1      | siradein the Vine Stalker Cinder Acolyte began the quest
                  | for the Orb.
     0 | D:1      | Reached XP level 1. HP: 11/11 MP: 3/3
   633 | D:1      | Reached XP level 2. HP: 9/16 MP: 2/4
  1272 | D:1      | Found a faded altar of an unknown god.
  1813 | D:2      | Reached XP level 3. HP: 20/20 MP: 3/5
  2228 | D:2      | Reached skill level 1 in Armour
  2381 | D:2      | Gained mutation: Your natural rate of healing is unusually
                  | fast. [Vine Stalker growth]
  2381 | D:2      | Reached XP level 4. HP: 21/24 MP: 6/6
  2841 | D:3      | Noticed a centaur
  2848 | D:3      | Killed a centaur
  2849 | D:3      | Reached XP level 5. HP: 23/29 MP: 4/7
  3388 | D:3      | Noticed a moth of wrath
  3392 | D:3      | Found a bloodstained altar of Trog.
  3610 | D:4      | Noticed Sigmund
  3618 | D:4      | Killed Sigmund
  3619 | D:4      | Reached XP level 6. HP: 27/34 MP: 8/8
  3729 | D:4      | Found a shadowy altar of Dithmenos.
  3777 | D:4      | Noticed Ijyb
  3793 | D:4      | Killed Ijyb
  3808 | D:4      | Reached XP level 7. HP: 38/38 MP: 9/9
  3912 | D:4      | Reached skill level 5 in Fighting
  4016 | D:4      | Reached skill level 5 in Maces & Flails
  4226 | D:4      | Found a staircase to the Ecumenical Temple.
  4373 | D:5      | Entered Level 5 of the Dungeon
  4556 | D:5      | Found a runed translucent door.
  4557 | D:5      | Noticed Crazy Yiuf
  4898 | D:5      | Gained mutation: You have razor-sharp teeth. [Vine Stalker
                  | growth]
  4898 | D:5      | Reached XP level 8. HP: 44/44 MP: 10/10
  4931 | D:5      | Got Duyguell's Exposition on Torrid Hypothermia
  4998 | D:5      | Found an ancient bone altar of Kikubaaqudgha.
  5072 | D:5      | Found a glowing golden altar of the Shining One.
  5615 | D:6      | Noticed a yak
  5615 | D:6      | Noticed a yak
  5615 | D:6      | Noticed a yak
  5634 | D:6      | Noticed a yak
  5638 | D:6      | Noticed a yak
  5644 | D:6      | Killed a yak
  5644 | D:6      | Noticed a yak
  5645 | D:6      | Reached XP level 9. HP: 42/50 MP: 11/11
  5767 | D:6      | Slain by a wight

Illustrated notes

Levels and vault maps discovered:
D:1:      amcnicky_arrival_abandoned_market, layout_basic,
          chequers_ecumenical_altar_simple
D:2:      minmay_chambers_of_twos, layout_basic, moated_statue,
          lemuel_another_geyser
D:3:      layout_basic, tgw_trog, solitary_fountain
D:4:      layout_gridville, marbit_many_paths, temple_green,
          kennysheep_small_spiral, minmay_fountain_box, uniq_ijyb, uniq_sigmund
D:5:      minmay_octagon_keep, layout_loops_ring, kiku_gazebo_pond_becter,
          mainiacjoe_overflow_chevrons, uniq_crazy_yiuf_cottage
D:6:      layout_basic, nzn_wu_jian_contemplation

Skill      XL: |  1  2  3  4  5  6  7  8  9 |
---------------+----------------------------+-----
Fighting       | 3 4 6 7 8 |  8.5
Maces & Flails | 3 4 6 7 8 |  8.5
Armour         | 1 |  1.9
Spellcasting   | |  1.1
Fire Magic     | |  3.0

Action                   |  1- 3 |  4- 6 |  7- 9 || total
-------------------------+-------+-------+-------++-------
Melee: Mace              |    93 |    57 |    93 ||   243
       Bite              |    15 |    15 |    82 ||   112
       Punch             |       |     1 |     2 ||     3
       Flail             |       |       |   176 ||   176
Invok: Fiery Armour      |       |     2 |     1 ||     3
  Use: Scroll            |       |     3 |       ||     3
Armor: Leather armour    |     6 |       |       ||     6
       Plate armour      |    70 |    43 |   213 ||   326
Dodge: Dodged            |    33 |    14 |    64 ||   111

Table legend: (Time is in decaauts)
 A = Elapsed time spent in this place.
 B = Non-inter-level travel time spent in this place.
 C = Inter-level travel time spent in this place.
 D = Time resting spent in this place.
 E = Time spent auto-exploring this place.
 F = Levels seen in this place.
 G = Mean time per level.
                   A        B        C        D        E       F      G
               +--------+--------+--------+--------+--------+-----+--------+
         Total |   5819 |   5584 |    235 |      8 |   4564 |   6 |  969.8 |
       Dungeon |   5819 |   5584 |    235 |      8 |   4564 |   6 |  969.8 |
               +--------+--------+--------+--------+--------+-----+--------+

Top non-repeatable levels by time:
     D:2: 1482 daAuts
     D:1: 1334 daAuts
     D:5: 959 daAuts
     D:4: 896 daAuts
     D:3: 700 daAuts
     D:6: 446 daAuts
